AoeStats
← Nerwerder

MegaRandom

508276441Analyzed
2v2 RM · 10d ago on Sep 21, 2026· 37m 43s· 4 players
Game mode
Random Map
Map size
Medium (4 player)
Population
200
Speed
Normal
Resources
Standard
Victory
Conquest
Starting age
Dark Age
Ending age
Imperial Age
RankedLock teamsTeams togetherTeam positionsShared explorationLock speedFull tech treeHidden civsTurbo modeCheats
Victory
Defeat
🇩🇪 Lithuanians · Germany
1285
+16
🇩🇪 Vietnamese · Germany
1284
+16
🇩🇪 Franks · Germany
1292
-16
🇩🇪 Ethiopians · Germany
1292
-16
Nerwerder
7:24 Loom
10:28 Feudal Age
12:15 Double-Bit Axe
13:09 Horse Collar
18:51 Castle Age
17:14 Scale Barding Armor
18:02 Forging
18:34 Fletching
20:58 Bow Saw
23:10 Husbandry
23:28 Town Watch
26:51 Heavy Plow
27:14 Bloodlines
30:24 Gold Mining
33:20 Wheelbarrow
35:07 Chain Barding Armor
36:18 Hand Cart
36:23 Light Cavalry
38:07 Iron Casting
Eichhörnchen
2:55 Loom
11:29 Feudal Age
12:23 Double-Bit Axe
15:41 Castle Age
15:35 Fletching
16:36 Wheelbarrow
17:00 Bodkin Arrow
17:35 Bow Saw
17:56 Padded Archer Armor
19:40 Horse Collar
22:14 Ballistics
27:01 Heavy Plow
31:42 Imperial Age
29:38 Gold Mining
29:38 Stone Mining
30:43 Crossbowman
31:32 Thumb Ring
31:30 Pikeman
32:11 Squires
33:32 Two-Man Saw
32:44 Scale Mail Armor
32:45 Bracer
32:56 Forging
32:51 Halberdier
35:04 Chain Mail Armor
35:44 Leather Archer Armor
37:14 Chemistry
38:33 Crop Rotation
TheQuencher24
2:57 Loom
10:27 Feudal Age
11:32 Double-Bit Axe
19:14 Castle Age
21:19 Scale Barding Armor
24:46 Wheelbarrow
24:22 Bow Saw
25:00 Wheelbarrow
24:10 Town Watch
27:50 Husbandry
30:53 Imperial Age
29:12 Fletching
29:58 Forging
31:30 Light Cavalry
36:29 Chain Barding Armor
Zzzero
2:37 Loom
11:17 Feudal Age
13:13 Town Watch
13:22 Double-Bit Axe
16:13 Castle Age
14:26 Scale Barding Armor
14:37 Gold Mining
15:36 Forging
16:56 Husbandry
27:43 Chain Barding Armor
28:04 Bow Saw
30:16 Wheelbarrow
30:49 Iron Casting
32:50 Gold Shaft Mining
31:58 Horse Collar
39:55 Imperial Age
Connection lost

Rejoining the realm…

Still unreachable

The connection could not be restored.

Session expired

The server has moved on; the page needs a fresh start.